 Dungeon Crawl Stone Soup version 0.29.0-13-gc9e81de378 (webtiles) character file.

Game seed: 8934826503574737877

110 Gabide the Sneak (level 4, -7/44 HPs)
             Began as a Naga Monk on Sept 9, 2022.
             Killed by divine providence
             ... invoked by an orc priest
              (10 damage)
             ... on level 3 of the Dungeon.
             The game lasted 00:04:19 (2818 turns).

Gabide the Sneak (Naga Monk)                        Turns: 2818, Time: 00:04:20

Health: -7/44      AC:  3    Str: 13    XL:     4   Next: 91%
Magic:  4/4        EV: 11    Int: 10    God:
Gold:   140        SH:  0    Dex: 16    Spells: 3/3 levels left

rFire   . . .      SeeInvis +   a - +0 short sword
rCold   . . .      Faith    .   (no shield)
rNeg    . . .      Spirit   .   b - +1 robe
rPois   +          Reflect  .   (no helmet)
rElec   .          Harm     .   (no cloak)
rCorr   .          Rampage  .   (no gloves)
Will    .....                   (no barding)
Stlth   +++.......              (no amulet)
HPRegen 0.14/turn               (no ring)
MPRegen 0.09/turn               (no ring)

@: mighty, short of breath, very slow
A: AC +1, large, see invisible, deformed body, poison resistance, slowness 2,
spit poison 1, naga tail 1
a: Spit Poison


You were on level 3 of the Dungeon.
You visited 1 branch of the dungeon, and saw 3 of its levels.

You collected 140 gold pieces.

Inventory:

Hand Weapons
 a - a +0 short sword (weapon)
Armour
 b - a +1 robe (worn)
Scrolls
 f - a scroll of blinking
Potions
 h - a potion of magic {unknown}
 l - a potion of flight {unknown}


   Skills:
 + Level 3.7 Fighting
 + Level 3.8 Short Blades
 + Level 3.0 Dodging
 + Level 4.6 Stealth


You had 3 spell levels left.
You didn't know any spells.
Your spell library was empty.

Dungeon Overview and Level Annotations

Branches:
Dungeon (3/15)

Altars:


Innate Abilities, Weirdness & Mutations

Your serpentine skin is tough. (AC +1)
You have supernaturally acute eyesight. (SInv)
Armour fits poorly on your strangely shaped body.
Your system is resistant to poisons. (rPois)
You cover ground very slowly.
You can spit poison.
You have a snake-like lower body.


Message History

Aim: an orc priest, wielding a +0 flail and wearing a +1 leather armour of fire resistance (59% to hit)
The splash of poison hits the adder.
The adder is poisoned.
The adder is almost dead.
The adder bites you.
You feel better.
You kill the adder!
You feel very mighty all of a sudden.
You puncture the orc!
You kill the orc!
You puncture the orc!
You kill the orc!
You have got your breath back.
The orc priest closely misses you.
Things that are here:
a +0 club; a +0 short sword; an orc corpse
Aiming: Spit Poison (1% risk of failure)
Press: ? - help, Q - select action Shift-Dir - straight line, f/p - orc priest
Aim: an orc priest, wielding a +0 flail and wearing a +1 leather armour of fire resistance (59% to hit)
The splash of poison misses the orc priest.
The splash of poison hits the orc priest.
The orc priest is moderately wounded.
You hear the rapid rusting of a distant drain.
The orc priest closely misses you.
You barely miss the orc priest.
The orc priest hits you with a +0 falchion.
The orc priest invokes the aid of Beogh against you.
Beogh smites you!
* * * LOW HITPOINT WARNING * * *
You feel better.
The orc priest calls down the wrath of Beogh upon you.
Beogh smites you!
* * * LOW HITPOINT WARNING * * *
The orc priest casts a cantrip, but nothing happens.
You puncture the orc priest!
The orc priest is severely wounded.
The orc priest hits you with a +0 falchion.
* * * LOW HITPOINT WARNING * * *
The orc priest calls down the wrath of Beogh upon you.
Beogh smites you!
You die...

#.# #.# # #.#
#.######.# +........#
.# #........# #.#
##........####.##### #
.........oo@........ .
#......)..####.#####
#..................#
#........###.......# #
...................# ..
#
...#.#######.......#...
# ...#. #.......##.# #
## #. #.......##.# #
#.......##.# #


You could see 2 orc priests.

Vanquished Creatures
  An orc priest (D:3)
  3 adders
  A worm (D:2)
  2 dart slugs (D:1)
  2 orcs (D:3)
  5 ball pythons
  6 endoplasms
  2 giant cockroaches
  3 goblins
  2 hobgoblins
  2 kobolds (D:1)
  2 quokkas
  8 bats
  2 frilled lizards
  4 rats
45 creatures vanquished.

Notes
Turn   | Place    | Note
-------+----------+-------------------------------------------
     0 | D:1      | Gabide the Naga Monk began the quest for the Orb.
     0 | D:1      | Reached XP level 1. HP: 21/21 MP: 1/1
   365 | D:1      | Reached XP level 2. HP: 28/28 MP: 2/2
  1061 | D:1      | Reached XP level 3. HP: 34/34 MP: 3/3
  1870 | D:2      | Reached skill level 4 in Stealth
  2338 | D:2      | Reached XP level 4. HP: 42/42 MP: 4/4
  2818 | D:3      | Killed from afar by an orc priest

Illustrated notes

Levels and vault maps discovered:
D:1:      minmay_arrival_stone_box, layout_basic, serial_forest,
          infiniplex_forest_lined_room_, infiniplex_forest_lined_room_3,
          infiniplex_forest_straight_1, infiniplex_forest_zigzag_1,
          infiniplex_forest_pool, infiniplex_forest_clump_tiny,
          infiniplex_forest_straight_3, infiniplex_forest_clump_long,
          infiniplex_forest_corner_2
D:2:      layout_rooms
D:3:      layout_basic, portal_sewer_entry_a

Skill      XL: |  1  2  3  4 |
---------------+-------------+-----
Stealth        | 4 |  4.6
Dodging        | 3 |  3.0
Fighting       | |  3.7
Short Blades   | |  3.8

Action                   |  1- 3 |  4- 6 || total
-------------------------+-------+-------++-------
Melee: Short sword       |    81 |    12 ||    93
       Punch             |     1 |       ||     1
 Abil: Spit Poison       |    36 |     4 ||    40
  Use: Scroll            |     1 |     6 ||     7
       Potion            |       |     4 ||     4
 Stab: Sleeping          |     5 |     3 ||     8
Armor: Robe              |     8 |     2 ||    10
Dodge: Dodged            |    37 |     8 ||    45
